 Dungeon Crawl Stone Soup version 0.19-a0-1922-g1e9a4c1 (webtiles) character file.

49 KarmaPolice the Bolt Thrower (level 4, -1/30 HPs)
             Began as a Halfling Hunter on Oct 24, 2016.
             Slain by Crazy Yiuf
             ... wielding a +2 quarterstaff of chaos
              (7 damage)
             ... on level 2 of the Dungeon.
             The game lasted 00:05:10 (2554 turns).

KarmaPolice the Bolt Thrower (Halfling Hunter)      Turns: 2554, Time: 00:05:11

Health: -1/30      AC:  4    Str: 11 (13) XL:     4   Next: 1%
Magic:  4/4        EV: 14    Int:  8 (9)  God:
Gold:   117        SH:  0    Dex: 13 (15) Spells: 0 memorised, 3 levels left

rFire  . . .     SeeInvis .     a - +1 hand crossbow
rCold  . . .     Gourm    .     c - +0 leather armour
rNeg   . . .     Faith    .     (shield restricted)
rPois  .         Spirit   .     t - +0 helmet
rElec  .         Reflect  .     (no cloak)
rCorr  .         Harm     .     (no gloves)
MR     .....                    (no boots)
Stlth  +.........               (no amulet)
                                (no ring)
                                (no ring)

@: lethally poisoned (-1 -> -19)
A: mutation resistance 1
a: no special abilities


You were on level 2 of the Dungeon.
You were not hungry.

You visited 1 branch of the dungeon, and saw 2 of its levels.

You collected 117 gold pieces.

Inventory:

Hand Weapons
 a - a +1 hand crossbow (weapon)
 b - a +0 short sword
 s - a +3 hunting sling
Missiles
 d - 32 bolts (quivered)
Armour
 c - a +0 leather armour (worn)
 t - a +0 helmet (worn)
Jewellery
 k - a cursed ring of teleportation {unknown}
 o - a +2 ring of evasion {unknown}
Scrolls
 g - 2 scrolls of identify {unknown}
 h - a scroll of enchant weapon {unknown}
 i - a scroll of immolation {unknown}
 j - a scroll of amnesia {unknown}
 n - a scroll of remove curse {unknown}
 r - a scroll of enchant armour {unknown}
Potions
 e - a potion of agility {unknown}
 l - a potion of degeneration
 m - a potion of ambrosia {unknown}
 p - a potion of lignification {unknown}
 v - a potion of heal wounds {unknown}
Comestibles
 f - 2 bread rations
 q - 2 fruits


   Skills:
 + Level 2.6 Fighting
 + Level 2.1 Short Blades
 + Level 4.8 Crossbows
 - Level 2.1 Dodging
 - Level 1.1 Stealth


You had 3 spell levels left.
You didn't know any spells.

Dungeon Overview and Level Annotations

Branches:
Dungeon (2/15)

Altars:
Cheibriados

Annotations:
D:2 Crazy Yiuf, Robin


Innate Abilities, Weirdness & Mutations

You are small and have problems with some larger weapons.
You are somewhat resistant to further mutation.


Message History

Crazy Yiuf hits you with a quarterstaff of chaos!
You are lethally poisoned!
Firing (i - inventory):
d - 33 bolts (quivered)
Press: ? - help, Shift-Dir - straight line, f/p - Crazy Yiuf
Aim: Crazy Yiuf, wielding a quarterstaff of chaos and wearing a runed cloak (unusually resistant)
You shoot a bolt. The bolt hits Crazy Yiuf.
Crazy Yiuf is lightly wounded.
You feel sick.
Crazy Yiuf hits you with a quarterstaff of chaos!
* * * LOW HITPOINT WARNING * * *
You are too injured to fight recklessly!
You are too injured to fight recklessly!
It was a potion of degeneration.
There was something very wrong with that liquid.
You feel weakened.
You feel dopey.
You feel clumsy.
* * * LOW HITPOINT WARNING * * *
You feel sick.
Crazy Yiuf twirls on the spot.
Crazy Yiuf hits you with a quarterstaff of chaos!
You die...

#.............####.
########..###.# #.
#..# #.####. #####
#..###...... #.()#
#...##.####. #.(.#
#........... .(.
#..###.##### #g#
#..###'##### ♣♣@♣
#..##.....## ♣.♣♣
#..##.....## ♣♣.♣
#..##....... ♣.♣♣
#........... ♣♣.♣♣
#........... ♣...♣♣
#..###..###. ♣....♣
#..# #..##.. ##..##
#..# #..##..
#....####..#
#..##.#


You could see Crazy Yiuf.

Vanquished Creatures
  An adder (D:2)
  An ooze (D:1)
  2 dart slugs
  A ball python (D:2)
  A giant cockroach (D:2)
  8 goblins
  4 hobgoblins
  A bat (D:1)
  A frilled lizard (D:2)
  10 kobolds
  2 rats (D:1)
32 creatures vanquished.

Notes
Turn   | Place    | Note
-------+----------+-------------------------------------------
     0 | D:1      | KarmaPolice the Halfling Hunter began the quest for the Orb.
     0 | D:1      | Reached XP level 1. HP: 14/14 MP: 1/1
   203 | D:1      | Reached skill level 1 in Short Blades
   211 | D:1      | Reached XP level 2. HP: 18/19 MP: 2/2
   704 | D:1      | Reached XP level 3. HP: 25/25 MP: 3/3
  1602 | D:2      | Found a snail-covered altar of Cheibriados.
  1673 | D:2      | Noticed Robin
  2003 | D:2      | Found a runed door.
  2243 | D:2      | Reached XP level 4. HP: 26/30 MP: 4/4
  2548 | D:2      | Noticed Crazy Yiuf
  2554 | D:2      | Slain by Crazy Yiuf

Vault maps used:
D:1:      dpeg_arrival_water_fire
D:2:      cheibriados_altar_1, uniq_robin, uniq_crazy_yiuf_cottage

Skill      XL: |  1  2  3 |
---------------+----------+-----
Short Blades   | 1 2 |  2.1
Fighting       | 2 |  2.6
Crossbows      | |  4.8
Dodging        | |  2.1
Stealth        | |  1.1

Action                   |  1- 3 |  4- 6 || total
-------------------------+-------+-------++-------
Melee: Short sword       |   120 |       ||   120
 Fire: Hand crossbow     |       |     5 ||     5
  Use: Potion            |       |     1 ||     1
 Stab: Sleeping          |     2 |       ||     2
       Distracted        |     1 |       ||     1
  Eat: Chunk             |     4 |     1 ||     5
Armor: Leather armour    |    41 |       ||    41
Dodge: Dodged            |   118 |       ||   118
